AoeStats
← CNZS_DongHaiDi

Arabia

506390486Analyzed
1v1 RM · 20d ago on Sep 13, 2026· 35m 57s· 2 players
Game mode
Random Map
Map size
Tiny (2 player)
Population
200
Speed
Normal
Resources
Standard
Victory
Conquest
Starting age
Dark Age
Ending age
Imperial Age
RankedLock teamsTeams togetherTeam positionsShared explorationLock speedFull tech treeHidden civsTurbo modeCheats
Victory
Defeat
🇧🇪 Chinese · Belgium
2389
+18
🇮🇳 Mapuche · India
2442
-18
Macluffy
0:33 Loom
8:46 Feudal Age
9:20 Double-Bit Axe
10:00 Horse Collar
16:28 Fletching
17:15 Forging
21:54 Castle Age
21:03 Bloodlines
21:13 Gold Mining
21:26 Padded Archer Armor
21:39 Scale Barding Armor
21:57 Light Cavalry
22:00 Elite Skirmisher
23:03 Bodkin Arrow
27:24 Wheelbarrow
30:13 Town Watch
30:41 Bow Saw
35:50 Imperial Age
34:14 Husbandry
34:33 Hand Cart
35:33 Chain Barding Armor
CNZS_DongHaiDi
6:38 Loom
8:54 Feudal Age
9:19 Double-Bit Axe
9:16 Horse Collar
18:52 Castle Age
17:37 Fletching
18:54 Elite Skirmisher
22:17 Bodkin Arrow
23:42 Pikeman
30:37 Ballistics
34:49 Wheelbarrow
35:18 Bow Saw
36:13 Town Watch
Connection lost

Rejoining the realm…

Still unreachable

The connection could not be restored.

Session expired

The server has moved on; the page needs a fresh start.